Map: Ruins of Seras

Players

PiG

  • Race: Zerg Zerg
  • League: Grandmaster

Petraeus - Winner!

  • Race: Zerg Zerg
  • League: Grandmaster

Event: 2016 WCS Winter Challenger Oceania SEA

VOD

Have the link to the VOD?

Description

Time

  • Played on: Feb. 14, 2016, 12:23 a.m.
  • Length: 10:11

All games in this series

Show
View Real Time Build Order
Export as new Build Order

PiG Zerg 

Build Orders: Hatch First 

Get SALT Encoding   

  12  0:00  Drone  
  13  0:12  Overlord  
  13  0:17  Drone  
  14  0:30  Drone x2  
  14  0:35  Drone  
  17  0:53  Hatchery  
  17  0:56  Drone  
  17  1:00  Drone  
  18  1:09  Extractor  
  17  1:15  Spawning Pool  
  16  1:18  Drone  
  16  1:22  Drone  
  18  1:29  Drone  
  19  1:38  Overlord  
  19  1:50  Drone  
  20  2:01  Queen  
  20  2:02  Zergling x2  
  20  2:07  Queen  
  25  2:09  Metabolic Boost, Drone  
  26  2:19  Drone x2  
  28  2:24  Drone  
  29  2:34  Drone x2  
  31  2:38  Roach Warren  
  31  2:42  Drone  
  31  2:48  Overlord  
  31  2:49  Drone  
  31  3:00  Drone x2  
  31  3:05  Overlord  
  33  3:11  Zergling x8  
  37  3:15  Zergling x6  
  40  3:20  Overlord  
  40  3:27  Overlord  
  40  3:41  Roach x3  
  46  3:48  Roach  
  46  3:49  Roach x4  
  52  3:58  Roach  
  52  3:59  Roach  
  54  4:09  Zergling x8  
  58  4:18  Zergling x6  
  61  4:25  Zergling x8  
  65  4:31  Zergling x2  
  64  4:46  Queen  
  64  4:48  Hatchery, Drone x3  
  62  5:12  Drone x3  
  57  5:14  Extractor x2  
  57  5:21  Roach x5  
  53  5:32  Drone x3  
  53  5:33  Drone x2  
  56  5:39  Spine Crawler  
  56  5:41  Roach  
  55  5:47  Roach x2  
  57  5:54  Queen  
  57  5:55  Overlord  
  57  6:02  Roach x2  
  57  6:03  Roach  
  60  6:06  Roach x4  
  66  6:11  Roach  
  66  6:16  Roach  
  68  6:22  Roach  
  67  6:38  Roach x3  
  68  6:46  Overlord x2  
  66  7:01  Drone x2  
  66  7:04  Drone x2  
  70  7:09  Hatchery  
  70  7:12  Drone x2  
  70  7:13  Drone x3  
  74  7:21  Zergling x4  
  76  7:28  Roach  
  78  7:30  Roach x3  
  84  7:43  Overlord x4  
  84  7:57  Lair  
  84  8:00  Overlord  
  84  8:01  Overlord  
  84  8:02  Drone x3, Evolution Chamber  
  86  8:13  Ravager x3  
  86  8:14  Ravager  
  86  8:19  Drone x2  
  93  8:20  Drone x2  
  93  8:21  Roach x2  
  93  8:23  Overlord  
  93  8:24  Roach  
  100  8:40  Roach x5  
  100  8:41  Roach  
  112  8:49  Roach x3  
  118  8:55  Extractor  
  118  8:57  Drone x3  
  118  8:58  Roach x2  
  118  9:01  Roach  
  126  9:05  Overlord  
  126  9:14  Drone x3, Extractor  
  126  9:15  Drone x2  
  126  9:16  Drone  
  131  9:18  Drone  
  131  9:22  Roach x2  
  136  9:25  Overlord  
  136  9:37  Roach x4  
  144  9:44  Roach x4  
Show
View Real Time Build Order
Export as new Build Order

Petraeus Zerg - Winner!

Build Orders: Hatch First 

Get SALT Encoding   

  12  0:00  Drone  
  13  0:08  Drone  
  14  0:17  Overlord  
  14  0:21  Extractor  
  14  0:23  Drone  
  15  0:35  Drone  
  15  0:36  Drone  
  17  0:53  Hatchery  
  17  0:56  Drone  
  17  0:59  Drone  
  18  1:13  Spawning Pool  
  18  1:16  Extractor  
  18  1:18  Drone  
  17  1:21  Drone  
  18  1:27  Drone  
  19  1:38  Overlord  
  19  1:48  Drone  
  20  2:00  Drone  
  21  2:01  Baneling Nest, Queen  
  21  2:05  Zergling x2  
  21  2:07  Queen  
  25  2:11  Drone  
  26  2:17  Zergling x2  
  26  2:20  Drone  
  28  2:26  Drone  
  29  2:31  Drone  
  29  2:36  Metabolic Boost  
  30  2:37  Overlord  
  30  2:43  Drone  
  31  2:49  Drone  
  32  2:53  Drone  
  33  2:59  Drone  
  34  3:06  Hatchery  
  34  3:08  Zergling x2  
  34  3:10  Drone  
  35  3:13  Drone x2  
  35  3:16  Drone  
  38  3:23  Roach Warren  
  38  3:26  Drone  
  38  3:29  Overlord  
  38  3:33  Baneling x4  
  38  3:36  Zergling x2  
  38  3:38  Zergling x2  
  40  3:41  Zergling x2  
  40  3:43  Zergling x2  
  40  3:44  Zergling x2  
  40  3:46  Zergling x2  
  43  3:53  Zergling x6  
  45  3:59  Zergling x2  
  45  4:04  Baneling  
  45  4:08  Overlord  
  45  4:14  Roach x3  
  45  4:16  Overlord x2  
  50  4:26  Roach x3  
  50  4:28  Overlord  
  56  4:32  Zergling x2, Roach  
  56  4:36  Roach  
  61  4:40  Zergling x2  
  61  4:41  Zergling x2  
  61  4:46  Roach  
  61  4:49  Zergling x6  
  64  4:59  Roach  
  68  5:00  Zergling x4  
  67  5:08  Zergling x2, Roach  
  67  5:09  Zergling x2  
  67  5:13  Zergling x4  
  62  5:17  Zergling x2  
  62  5:18  Zergling x2  
  61  5:27  Zergling x6  
  62  5:34  Hatchery, Zergling x4  
  62  5:41  Drone  
  63  5:42  Drone  
  63  5:45  Extractor  
  63  5:47  Drone x3  
  63  5:48  Drone  
  66  5:53  Drone  
  67  5:59  Drone  
  66  6:04  Queen  
  66  6:07  Evolution Chamber  
  66  6:09  Drone x3  
  66  6:10  Roach  
  72  6:14  Roach  
  74  6:22  Overlord  
  74  6:24  Roach  
  65  6:38  Roach x2  
  65  6:39  Roach x2  
  71  6:40  Zerg Missile Weapons Level 1  
  71  6:46  Drone x3  
  76  6:47  Roach  
  76  6:48  Roach  
  78  6:57  Roach  
  78  7:01  Overlord  
  80  7:03  Lair  
  80  7:05  Drone  
  80  7:06  Extractor  
  80  7:08  Roach  
  82  7:11  Roach  
  82  7:12  Overlord  
  84  7:15  Drone x2  
  84  7:16  Overlord, Drone  
  84  7:18  Roach x2  
  84  7:19  Drone  
  84  7:20  Drone  
  84  7:21  Drone x3  
  96  7:24  Drone x2  
  96  7:27  Overlord  
  98  7:34  Ravager  
  99  7:37  Roach  
  99  7:39  Extractor  
  99  7:41  Drone, Extractor  
  99  7:42  Drone  
  99  7:43  Roach  
  103  7:46  Drone x2  
  103  7:47  Drone  
  103  7:48  Drone  
  103  7:49  Roach x2  
  103  7:50  Overlord  
  111  7:54  Drone x2  
  111  7:55  Overlord  
  113  8:00  Zergling x2  
  113  8:02  Glial Reconstitution  
  114  8:06  Overseer  
  114  8:09  Roach  
  114  8:12  Spine Crawler, Roach  
  117  8:15  Extractor  
  117  8:16  Roach x2  
  120  8:21  Roach x2  
  120  8:24  Drone  
  120  8:25  Drone  
  120  8:26  Overlord, Roach x3  
  132  8:28  Overlord  
  132  8:31  Roach  
  132  8:34  Roach  
  136  8:37  Overlord  
  136  8:38  Overlord  
  136  8:47  Roach x2  
  136  8:48  Roach x2  
  144  8:50  Ravager  
  144  8:52  Overlord x2  
  145  8:58  Ravager  
  145  8:59  Roach  
  145  9:02  Roach  
  150  9:03  Roach  
  150  9:05  Roach  
  154  9:12  Ravager, Roach  
  154  9:13  Overlord  
  154  9:15  Roach x2  
  161  9:19  Roach  
  161  9:20  Roach x2  
  161  9:21  Drone  
  168  9:27  Roach  
  168  9:29  Overlord  
  167  9:47  Roach x5  
  167  9:51  Roach x3  
Tags
 
Add a new tag
Caveats
  • Supply blocks, unpowered buildings, or Contaminate may cause inaccurate times.
  • Supply counts are checked every 10 seconds.